 Dungeon Crawl Stone Soup version 0.30-a0-39-g42789b21ef (webtiles) character file.

Game seed: 12146640392490089051

19 ytrimaz the Insei (level 2, 0/18 HPs)
             Began as an Octopode Transmuter on Aug 28, 2022.
             Slain by a goblin
             ... wielding a +0 club
              (1 damage)
             ... on level 2 of the Dungeon.
             The game lasted 00:00:56 (1342 turns).

ytrimaz the Insei (Octopode Transmuter)             Turns: 1342, Time: 00:00:57

Health: 0/18       AC:  1    Str:  9    XL:     2   Next: 75%
Magic:  4/5        EV: 13    Int: 15    God:
Gold:   29         SH:  0    Dex: 12    Spells: 4/5 levels left

rFire   . . .      SeeInvis .      - Unarmed
rCold   . . .      Faith    .    (no shield)
rNeg    . . .      Spirit   .    (helmet currently unavailable)
rPois   .          Reflect  .    (no amulet)
rElec   .          Harm     .    (no ring)
rCorr   .          Rampage  .    (no ring)
Will    .....                    (no ring)
Stlth   ++........               (no ring)
HPRegen 0.06/turn                (no ring)
MPRegen 0.09/turn                (no ring)
                                 (no ring)
                                 (no ring)

@: appendages
A: tentacle spike 3, almost no armour, amphibious, 8 rings, camouflage 1,
gelatinous body 1, (nimble swimmer 1), tentacles
a: End Transformation


You were on level 2 of the Dungeon.
One of your tentacles had grown a beastly spike.
You visited 1 branch of the dungeon, and saw 2 of its levels.

You collected 29 gold pieces.

Inventory:

Scrolls
 d - a scroll of brand weapon
Potions
 a - a potion of lignification
 b - a potion of curing {unknown}
 e - a potion of haste {unknown}


   Skills:
 - Level 1.0 Fighting
 - Level 2.0 Dodging
 + Level 3.9 Unarmed Combat
 - Level 2.0 Spellcasting
 - Level 2.0 Transmutations


You had 4 spell levels left.
You knew the following spells:

 Your Spells              Type           Power      Damage    Failure   Level
a - Beastly Appendage     Tmut           14%        N/A       10%         1

Your spell library contained the following spells:

 Spells                   Type           Power      Damage    Failure   Level
 Wereblood                Tmut           7%         N/A       14%         2
 Summon Small Mammal      Summ           4%         N/A       22%         1
 Spider Form              Tmut/Pois      4%         N/A       41%         3
 Call Canine Familiar     Summ           1%         N/A       54%         3
 Summon Guardian Golem    Hex/Summ       1%         N/A       54%         3
 Ice Form                 Ice/Tmut       4%         N/A       82%         4


Dungeon Overview and Level Annotations

Branches:
Dungeon (2/15)

Altars:


Innate Abilities, Weirdness & Mutations

One of your tentacles has grown a beastly spike.
You cannot wear most types of armour.
You are amphibious.
You can wear up to eight rings at the same time.
Your skin changes colour to match your surroundings (Stealth+).
Your rubbery body absorbs attacks. (AC +1, EV +1)
((You are camouflaged when in or above water. (Stealth+)))
You have tentacles for arms and can constrict up to eight enemies at once.


Message History

d - a scroll of brand weapon
Okay, then.
Done exploring.
Done exploring.
Done exploring.
Done exploring.
Done exploring.
Your tentacle spike disappears.
There is an open door here.
There is a stone staircase leading down here.
You climb downwards.
Found a scroll labelled EPIHUA RISTRY.
There is a stone staircase leading up here.
A dart slug is nearby!
A dart slug is nearby!
A ball python and a goblin come into view.
Found 15 gold pieces.
One of your tentacles grows a vicious spike.
The goblin shouts!
The goblin hits you with a +0 club.
The ball python hisses angrily.
You closely miss the ball python. You grab the ball python.
Your tentacle spike misses the ball python.
You constrict the ball python. The ball python bites you.
The ball python grabs you. The ball python constricts you.
You tentacle-slap the ball python.
You kill the ball python!
The goblin hits you with a +0 club. The dart slug launches a dart at you.
The slug dart hits you.
You are too injured to fight recklessly!
You tentacle-slap the dart slug. You grab the dart slug.
The dart slug is lightly wounded.
You constrict the dart slug. The goblin hits you with a +0 club.
* * * LOW HITPOINT WARNING * * *
You completely miss the dart slug.
You pierce the dart slug, but do no damage.
The dart slug is moderately wounded.
You constrict the dart slug. The goblin hits you with a +0 club.
You die...

#.. #.# ..# #.#
### # #.# ..$ ?
#.##.#####.##.#
...#...w..........
#...g@.......#
##.####.....##
#.....<..##
#.#####.## ##


You could see a dart slug and a goblin.

Vanquished Creatures
  2 ball pythons
  4 bats (D:1)
  2 endoplasms (D:1)
  6 kobolds (D:1)
  2 quokkas (D:1)
  A goblin (D:1)
  2 rats (D:1)
19 creatures vanquished.

Notes
Turn   | Place    | Note
-------+----------+-------------------------------------------
     0 | D:1      | ytrimaz the Octopode Transmuter began the quest for the
                  | Orb.
     0 | D:1      | Reached XP level 1. HP: 13/13 MP: 3/3
    38 | D:1      | Found a faded altar of an unknown god.
   346 | D:1      | Reached XP level 2. HP: 17/18 MP: 3/5
  1342 | D:2      | Slain by a goblin

Illustrated notes

Levels and vault maps discovered:
D:1:      tarquinn_simple_flora_water_e, layout_basic,
          chequers_ecumenical_altar_simple_redux
D:2:      layout_loops_ring, basic_altar, kennysheep_generic_room_9

Action                   || total
-------------------------++-------
Melee: Unarmed           ||    35
       Kick              ||    11
       Constrict         ||    12
       Tentacles         ||     7
 Cast: Beastly Appendage ||    15
  Use: Scroll            ||     1
 Stab: Sleeping          ||     1
Armor: Skin              ||     3
Dodge: Dodged            ||    28

Table legend: (Time is in decaauts)
 A = Elapsed time spent in this place.
 B = Non-inter-level travel time spent in this place.
 C = Inter-level travel time spent in this place.
 D = Time resting spent in this place.
 E = Time spent auto-exploring this place.
 F = Levels seen in this place.
 G = Mean time per level.
                   A        B        C        D        E       F      G
               +--------+--------+--------+--------+--------+-----+--------+
         Total |   1339 |   1290 |     49 |    227 |    910 |   2 |  669.5 |
       Dungeon |   1339 |   1290 |     49 |    227 |    910 |   2 |  669.5 |
               +--------+--------+--------+--------+--------+-----+--------+

Top non-repeatable levels by time:
     D:1: 1332 daAuts
     D:2: 7 daAuts
